 Dungeon Crawl Stone Soup version 0.22-a0-553-g9358b0b (webtiles) character file.

81 Amnesiac the Cutter (level 4, -5/23 HPs)
             Began as a Vine Stalker Fighter on June 25, 2018.
             Was an Initiate of Gozag.
             Slain by an orc wizard
             ... wielding a +1 dagger of electrocution
              (10 damage)
             ... on level 4 of the Dungeon.
             The game lasted 00:03:28 (890 turns).

Amnesiac the Cutter (Vine Stalker Fighter)           Turns: 890, Time: 00:03:28

Health: -5/23      AC:  6    Str: 23    XL:     4   Next: 40%
Magic:  0/5        EV:  7    Int:  8    God:    Gozag
Gold:   2          SH:  9    Dex: 10    Spells: 3/3 levels left

rFire    + . .     SeeInvis .   a - +0 rapier
rCold    . . .     Gourm    .   c - +0 shield
rNeg     . . .     Faith    .   b - +0 scale mail
rPois    .         Spirit   +   (no helmet)
rElec    .         Reflect  .   (no cloak)
rCorr    .         Harm     .   (no gloves)
MR       +....                  (no boots)
Stlth    ..........             (no amulet)
HPRegen  0.47/turn              o - ring of Iqowirph {rF+ Str+3 Dex-3} (curse)
MPRegen  0.09/turn              p - ring of protection from magic

@: no status effects
A: fangs 2, regeneration 1, magic shield, antimagic bite, no potion heal 3, rot
immunity
a: Potion Petition, Call Merchant, Bribe Branch, Renounce Religion


You were on level 4 of the Dungeon.
You worshipped Gozag.
Gozag was noncommittal.
You were not hungry.

You visited 1 branch of the dungeon, and saw 4 of its levels.

You collected 37 gold pieces.
You paid 35 gold pieces to Gozag.

Inventory:

Hand Weapons
 a - a +0 rapier (weapon)
Armour
 b - a +0 scale mail (worn)
 c - a +0 shield (worn)
Jewellery
 o - the cursed ring of Iqowirph (left hand) {rF+ Str+3 Dex-3}
   (You found it on level 4 of the Dungeon)

   [ring of dexterity]

   It affects your strength (+3).
   It affects your dexterity (-3).
   It protects you from fire.
   It has a curse placed upon it.
 p - a ring of protection from magic (right hand)
Wands
 m - a wand of clouds (6)
Scrolls
 h - a scroll of identify {!r, unknown}
 i - a scroll of teleportation {!r, unknown}
 l - a scroll of enchant armour {!r, unknown}
 n - a scroll of remove curse {!r, unknown}
 q - 2 scrolls of blinking {!r, unknown}
 r - a scroll of noise {!r, unknown}
Potions
 d - a potion of might {!q}
 e - a potion of haste {!q, unknown}
 j - a potion of invisibility {!q, unknown}
 k - a potion of cancellation {!q, unknown}
Comestibles
 f - 3 rations


   Skills:
 - Level 2.6 Fighting
 + Level 4.1 Short Blades
 - Level 2.4 Armour
 - Level 2.6 Shields


You had 3 spell levels left.
You didn't know any spells.
Your spell library was empty.

Dungeon Overview and Level Annotations

Branches:
Dungeon (4/15)
 Temple: D:4-7

Altars:
Gozag
Nemelex Xobeh


Innate Abilities, Weirdness & Mutations

You have extremely sharp teeth.
Your natural rate of healing is unusually fast.
When hurt, damage is shared between your health and your magic reserves.
Your bite disrupts and absorbs the magic of your enemies.
Potions cannot restore your health.
You are immune to rotting.


Message History

All of the chunks of flesh in your inventory have rotted away.
There is an open door here.
There is a fountain of sparkling water here.
The orc wizard is no longer moving quickly.
There is an opulent altar of Gozag here.
You kneel at the altar of Gozag.
Gozag welcomes you!
You pay a service fee of 35 gold.
Gozag offers you a free set of potion effects!
The orc wizard gestures wildly while chanting.
The orc wizard seems to speed up.
The orc hits you but does no damage.
You hit the orc.
You kill the orc!
Your shield prevents you from hitting the rat.
You bite the rat, but do no damage. The rat bites you.
The orc wizard is distracted by the nearby gold.
You puncture the rat!
You kill the rat!
You hit the giant cockroach.
The giant cockroach is moderately wounded.
You block the giant cockroach's attack.
You hit the giant cockroach.
You kill the giant cockroach!
The ogre is distracted by the nearby gold.
The orc wizard is no longer distracted by gold.
The worker ant barely misses you.
The orc wizard hits you but does no damage.
The worker ant bites you but does no damage.
The orc wizard hits you with a dagger of electrocution.
You block the worker ant's attack. The worker ant barely misses you.
The ogre is no longer distracted by gold.
The orc wizard casts a cantrip, but nothing happens.
The ogre hits you but does no damage.
There is an open door here.
The worker ant is distracted by the nearby gold.
The orc wizard casts a spell at you. The magic dart hits you!
The orc wizard hits you with a dagger of electrocution.
You are electrocuted!
* * * LOW HITPOINT WARNING * * *
Evoke which item? (* to show all) (? for menu, Esc to quit)
Okay, then.
Evoke which item? (* to show all) (? for menu, Esc to quit)
Aiming: Cloud Cone
Press: ? - help, Dir - move target cursor, f - orc wizard
Aim: an orc wizard, wielding a dagger of electrocution and wearing a robe (fast)
You create a blast of noxious fumes!
The ogre is engulfed in noxious fumes.
The ogre appears confused.
The orc wizard is engulfed in noxious fumes.
The orc wizard hits you with a dagger of electrocution.
* * * LOW HITPOINT WARNING * * *
You closely miss the orc wizard.
The orc wizard is engulfed in noxious fumes.
The orc wizard appears confused.
The orc wizard hits you with a dagger of electrocution.
* * * LOW HITPOINT WARNING * * *
The ogre is engulfed in noxious fumes.
The ogre appears confused.
The orc wizard is engulfed in noxious fumes.
The orc wizard appears confused.
The orc wizard hits you but does no damage.
You are electrocuted!
You die...
Your body crumbles into a pile of gold.

##...⌠...## #.## ##
#.........# ##.## ##.
#.8._._.8.# ##.###.#
#...$.....# ##s..##
##...⌠...## #r####
##..a..## #.....
###'########### #.####
###§##........###.##..
#§O§o@.#####...>......
#§##...# #.###...#..
#.##.#.# #.##.....##
#.##...# #.###...###
#.###..#####.# ##.....
#............# #.####
#######.###### #.# #.#
##'## #.# ##...##


You could see an ogre (confused) and an orc wizard (confused).

Vanquished Creatures
  A jelly (D:4)
  An adder (D:3)
  A dart slug (D:1)
  4 orcs
  A ball python (D:4)
  3 bats (D:1)
  3 giant cockroaches
  3 goblins (D:1)
  A hobgoblin (D:2)
  6 jackals
  A quokka (D:2)
  2 kobolds
  5 rats
32 creatures vanquished.

Notes
Turn   | Place    | Note
-------+----------+-------------------------------------------
     0 | D:1      | Amnesiac the Vine Stalker Fighter began the quest for the Orb.
     0 | D:1      | Reached XP level 1. HP: 11/11 MP: 2/2
    28 | D:1      | Reached skill level 2 in Short Blades
    70 | D:1      | Reached XP level 2. HP: 13/16 MP: 3/3
   197 | D:2      | Reached skill level 3 in Short Blades
   216 | D:2      | Reached XP level 3. HP: 10/19 MP: 4/4
   493 | D:4      | Gained mutation: Your natural rate of healing is unusually fast. [Vine Stalker growth]
   493 | D:4      | Reached XP level 4. HP: 12/23 MP: 5/5
   498 | D:4      | Found a sparkling altar of Nemelex Xobeh.
   498 | D:4      | Found an opulent altar of Gozag.
   521 | D:4      | Got a smoking tin ring
   528 | D:4      | Identified the cursed ring of Iqowirph {rF+ Str+3 Dex-3} (You found it on level 4 of the Dungeon)
   551 | D:4      | Noticed an ogre
   819 | D:3      | Reached skill level 4 in Short Blades
   876 | D:4      | Became a worshipper of Gozag Ym Sagoz the Greedy
   890 | D:4      | Slain by an orc wizard

Vault maps used:
D:1:      mrwooster_arrival_statue_3
D:2:      mumra_celtic_spiral_tile, chequers_ecumenical_altar_simple,
          trog_butcher_becter
D:3:      cheibrodos_helix_gallery, nicolae_ru_sacrificial_ziggurat
D:4:      grunt_temple_overflow_opulence, minmay_temple_entry_statues_fountains,
          first_ration

Skill      XL: |  1  2  3  4 |
---------------+-------------+-----
Short Blades   | 2 3 4 |  4.1
Fighting       | |  2.6
Armour         | |  2.4
Shields        | |  2.6

Action                   |  1- 3 |  4- 6 || total
-------------------------+-------+-------++-------
Melee: Rapier            |    77 |    25 ||   102
       Bite              |    23 |     6 ||    29
Evoke: Wand              |       |     1 ||     1
Armor: Scale mail        |    27 |    44 ||    71
Dodge: Dodged            |    27 |    29 ||    56
Block: Shield            |    34 |    35 ||    69

Table legend:
 A = Spawn XP
 B = Non-spawn XP
 C = Spawn XP percentage of total XP
 D = Spawn monster count
 E = Non-spawn monster count
 F = Spawn count percentage of total count
 G = Total turns spent on level
                    A         B        C        D         E        F      G
               +---------+---------+-------+---------+---------+-------+---------
         Total |       0 |     116 |   0.0 |       0 |      32 |   0.0 |   890
               +---------+---------+-------+---------+---------+-------+---------
           D:1 |       0 |      23 |   0.0 |       0 |      12 |   0.0 |   160
           D:2 |       0 |      13 |   0.0 |       0 |       8 |   0.0 |   149
           D:3 |       0 |      20 |   0.0 |       0 |       3 |   0.0 |   198
           D:4 |       0 |      60 |   0.0 |       0 |       9 |   0.0 |   383
               +---------+---------+-------+---------+---------+-------+---------
